 Dungeon Crawl Stone Soup version 0.30-a0-586-g23e55c9e0a (webtiles) character file.

Game seed: 10545929092490398258

2813 bmack86 the Cleaver (level 9, 0/79 HPs)
             Began as a Minotaur Fighter on Jan 3, 2023.
             Was a Priest of Okawaru.
             Slain by a gnoll
             ... wielding a +0 spear
             ... led by a gnoll sergeant
              (3 damage)
             ... on level 7 of the Dungeon.
             The game lasted 00:18:10 (5419 turns).

bmack86 the Cleaver (Minotaur Fighter)              Turns: 5419, Time: 00:18:10

Health: 0/79       AC: 12    Str: 25    XL:     9   Next: 44%
Magic:  6/8        EV: 12    Int:  5    God:    Okawaru [***...]
Gold:   281        SH:  9    Dex: 22    Spells: 8/8 levels left

rFire   . . .      SeeInvis .    l - +0 broad axe
rCold   . . .      Faith    .    c - +1 buckler
rNeg    . . .      Spirit   .    r - +0 chain mail
rPois   .          Reflect  .    (helmet restricted)
rElec   .          Harm     .    f - scarf {repulsion}
rCorr   .          Rampage  .    (no gloves)
Will    .....                    (no boots) Stlth
                                 (no amulet)
HPRegen 0.33/turn                j - +6 ring of dexterity
MPRegen 0.11/turn                z - +6 ring of dexterity

@: heroic, repel missiles
A: horns 2, retaliatory headbutt
a: Renounce Religion, Heroism


You were on level 7 of the Dungeon.
You worshipped Okawaru.
Okawaru was most pleased with you.
You visited 2 branches of the dungeon, and saw 8 of its levels.
You also visited: Sewer and Ossuary.

You collected 281 gold pieces.

Inventory:

Hand Weapons
 a - a +0 war axe
 l - a +0 broad axe (weapon)
Missiles
 i - 4 boomerangs (quivered)
 s - 2 throwing nets
 y - 29 poisoned darts
Armour
 b - a +0 scale mail
 c - a +1 buckler (worn)
 f - a scarf of repulsion (worn)
 r - a +0 chain mail (worn)
Jewellery
 j - a +6 ring of dexterity (left hand)
 k - a ring of wizardry
 z - a +6 ring of dexterity (right hand)
Wands
 v - a wand of charming (2)
 E - a wand of light (5)
Scrolls
 e - 6 scrolls of teleportation
 g - 3 scrolls of blinking
 m - 4 scrolls of noise
 n - a scroll of immolation
 w - a scroll of fear
 C - a scroll of amnesia
 D - 3 scrolls of magic mapping
 L - a scroll of brand weapon {unknown}
Potions
 d - 4 potions of might
 h - 6 potions of curing
 o - 4 potions of mutation
 p - a potion of brilliance
 q - 3 potions of attraction
 t - 2 potions of magic
 u - 2 potions of lignification
 x - a potion of ambrosia {unknown}
 A - a potion of invisibility {unknown}
 B - a potion of heal wounds {unknown}
 F - a potion of cancellation {unknown}
 G - a potion of degeneration {unknown}
 H - a potion of haste {unknown}
 I - 2 potions of flight {unknown}
 J - a potion of resistance {unknown}


   Skills:
 + Level 7.1(12.1) Fighting
 * Level 9.5(14.5) Axes
 + Level 5.0(10.0) Throwing
 + Level 7.5(12.5) Armour
 + Level 7.3(12.3) Shields


You had 8 spell levels left.
You didn't know any spells.
Your spell library contained the following spells:

 Spells                   Type           Power      Damage    Failure   Level
 Sublimation of Blood     Necr           0%         N/A       99%         2
 Wereblood                Tmut           0%         N/A       99%         2
 Dazzling Flash           Conj/Hex       0%         N/A       100%        3
 Agony                    Necr           0%         N/A       100%        5
 Silence                  Hex/Air        0%         N/A       100%        5
 Summon Hydra             Summ           Unusable   N/A       N/A         7

Dungeon Overview and Level Annotations

Branches:
Dungeon (7/15)             Temple (1/1) D:5           Sewer (visited)
Ossuary (visited)

Altars:
Ashenzari
Cheibriados
Dithmenos
Elyvilon
Fedhas
Gozag
Hepliaklqana
Kikubaaqudgha
Makhleb
Nemelex Xobeh
Okawaru
Qazlal
Ru
Sif Muna
Trog
Uskayaw
Vehumet
Wu Jian
Xom
Yredelemnul
Zin
The Shining One

Shops:
D:4 :

Annotations:
D:3 3 runed translucent doors, lunkers's ghost, amateur MeRe
D:6 2 transporters, elongatedgoose's ghost, novice GnWr


Innate Abilities, Weirdness & Mutations

You have a pair of horns on your head.
You reflexively headbutt those who attack you in melee.


Message History

The gnoll hits you from afar with a +0 spear.
The gnoll sergeant hits you with a +1 trident of flaming.
The gnoll sergeant burns you. The gnoll hits you but does no damage.
You hit the gnoll sergeant. You headbutt the gnoll sergeant.
The gnoll sergeant is moderately wounded.
The gnoll hits you from afar with a +0 spear.
* * * LOW HITPOINT WARNING * * *
The gnoll sergeant hits you with a +1 trident of flaming!
* * * LOW HITPOINT WARNING * * *
The gnoll sergeant burns you.
* * * LOW HITPOINT WARNING * * *
You block the gnoll's attack.
You completely miss the gnoll sergeant.
Your headbutt misses the gnoll sergeant.
The gnoll sergeant is moderately wounded.
You block the gnoll's attack. You block the gnoll sergeant's attack.
The gnoll hits you but does no damage.
You gain the combat prowess of a mighty hero.
The gnoll hits you from afar with a +0 spear.
* * * LOW HITPOINT WARNING * * *
The gnoll sergeant hits you with a +1 trident of flaming.
* * * LOW HITPOINT WARNING * * *
The gnoll sergeant burns you.
* * * LOW HITPOINT WARNING * * *
The gnoll barely misses you.
You closely miss the gnoll sergeant.
The gnoll sergeant is lightly wounded.
The gnoll hits you but does no damage.
The gnoll sergeant hits you but does no damage.
You block the gnoll's attack.
You slash the gnoll sergeant!
You headbutt the gnoll sergeant, but do no damage.
The gnoll sergeant is severely wounded.
You block the gnoll sergeant's attack. The gnoll hits you but does no damage.
You block the gnoll's attack.
You hit the gnoll sergeant.
The gnoll sergeant is severely wounded.
You block the gnoll's attack. You block the gnoll sergeant's attack.
The gnoll hits you from afar with a +0 spear.
You die...

.## ... ......
.#......
........####
........g.g#
#........†g#
...#..##@## #.#
#.##.#..##..#.....
..................
#.##.#..####......
..................
#.##.#.#.####.....
..................
..##.#.#.####....$
. ...........#
....


You could see a gnoll sergeant and 2 gnolls.

Vanquished Creatures
  The ghost of bande the Chopper, a novice GrFi (D:5)
  Edmund (D:4)
  A water moccasin (D:5)
  A sky beast (D:6)
  3 ice beasts
  A black bear (D:5)
  2 ogres (D:5)
  2 centaurs
  A kobold brigand (D:6)
  2 bullfrogs
  2 necrophages
  4 scorpions
  2 water moccasin zombies (Ossuary)
  3 killer bees (D:7)
  4 hounds
  An orc priest (D:5)
  An iguana (D:6)
  2 mummies (Ossuary)
  13 adders
  17 gnolls
  3 river rats (Sewer)
  A white imp (D:5)
  An ufetubus (D:5)
  3 adder zombies (Ossuary)
  2 worms
  A dart slug (D:3)
  5 orcs
  10 endoplasms
  3 giant cockroaches (D:5)
  12 goblins
  4 hobgoblins
  4 jackals (D:3)
  2 quokkas (D:2)
  12 ball pythons
  6 bats
  8 frilled lizards
  4 gnoll zombies (Ossuary)
  4 hobgoblin zombies (Ossuary)
  8 kobolds
  3 kobold zombies (Ossuary)
  6 orc zombies (Ossuary)
  13 rats
179 creatures vanquished.

Notes
Turn   | Place    | Note
-------+----------+-------------------------------------------
     0 | D:1      | bmack86 the Minotaur Fighter began the quest for the Orb.
     0 | D:1      | Reached XP level 1. HP: 19/19 MP: 0/0
   119 | D:1      | Reached XP level 2. HP: 26/27 MP: 1/1
   199 | D:1      | Reached skill level 3 in Axes
   502 | D:2      | Reached XP level 3. HP: 33/33 MP: 2/2
  1080 | D:2      | Reached XP level 4. HP: 40/40 MP: 3/3
  1262 | D:3      | Reached skill level 1 in Throwing
  1277 | D:3      | Found a runed translucent gate.
  1278 | D:3      | Found a runed translucent gate.
  1279 | D:3      | Found a runed translucent gate.
  1443 | D:3      | Reached skill level 4 in Axes
  1496 | D:3      | Noticed lunkers's ghost (amateur MeRe)
  1639 | D:3      | Found a burning altar of Makhleb.
  1885 | D:4      | Found a sand-covered staircase.
  1891 | Ossuary  | Entered an ossuary
  1950 | Ossuary  | Reached XP level 5. HP: 46/46 MP: 4/4
  2073 | Ossuary  | Reached XP level 6. HP: 53/53 MP: 5/5
  2176 | D:4      | Reached skill level 5 in Axes
  2176 | D:4      | Reached skill level 5 in Armour
  2178 | D:4      | Found Ucrufurr's Self-Improvement Boutique.
  2436 | D:4      | Noticed Edmund
  2453 | D:4      | Killed Edmund
  2693 | D:5      | Entered Level 5 of the Dungeon
  2723 | D:5      | Reached skill level 5 in Fighting
  2723 | D:5      | Reached skill level 5 in Shields
  2723 | D:5      | Reached XP level 7. HP: 38/61 MP: 6/6
  2739 | D:5      | Found a staircase to the Ecumenical Temple.
  2746 | Temple   | Entered the Ecumenical Temple
  2800 | Temple   | Became a worshipper of Warmaster Okawaru
  3023 | D:5      | Reached skill level 6 in Axes
  3178 | D:5      | Found a glowing drain.
  3204 | Sewer    | Entered a sewer
  3590 | D:5      | Reached * piety under Okawaru
  3591 | D:5      | Reached XP level 8. HP: 68/69 MP: 7/7
  3643 | D:5      | Found a runed translucent door.
  3645 | D:5      | Noticed bande's ghost (novice GrFi)
  3676 | D:5      | HP: 3/70 [bande's ghost (2)]
  3678 | D:5      | Killed bande's ghost
  3679 | D:5      | Reached skill level 7 in Axes
  4057 | D:5      | Reached skill level 8 in Axes
  4323 | D:6      | Found a transporter.
  4326 | D:6      | Noticed elongatedgoose's ghost (novice GnWr)
  4363 | D:6      | Found a transporter.
  4405 | D:6      | Reached ** piety under Okawaru
  4586 | D:6      | Reached XP level 9. HP: 30/78 MP: 8/8
  4985 | D:6      | Reached skill level 9 in Axes
  5292 | D:7      | Reached *** piety under Okawaru
  5404 | D:7      | Reached skill level 5 in Throwing
  5416 | D:7      | HP: 3/79 [gnoll sergeant/+1 trident of flaming (1)]
  5419 | D:7      | Slain by a gnoll

Illustrated notes

Levels and vault maps discovered:
D:1:      tekkud_arrival_beachfront_property, layout_basic,
          minmay_small_reverse_x
D:2:      layout_basic, roderic_lattice_a
D:3:      layout_rooms, lemuel_crystal_altar, ebering_ghost_rock_garden,
          kennysheep_generic_room_14
D:4:      layout_rooms, nicolae_ossuary_entry_plus, minivault_24,
          nicolae_shop_self_help, uniq_edmund
D:5:      layout_loops_ring, minmay_temple_entry_wispy, gup_sewer_entry_glass,
          gammafunk_ghost_grave, chequers_serial_rivers_room_a
D:6:      layout_loops_ring, gammafunk_ghost_stat_death, st_stairs_9
D:7:      layout_basic, uniq_duvessa
Temple:   nicolae_temple_the_god_donut

Skill      XL: |  1  2  3  4  5  6  7  8  9 |
---------------+----------------------------+-----
Axes           | 3 4 5 6 8 9 |  9.5
Armour         | 4 5 6 7 |  7.5
Fighting       | 4 5 6 7 |  7.1
Shields        | 4 5 6 7 |  7.3
Throwing       | 1 2 3 4 5 |  5.0

Action                   |  1- 3 |  4- 6 |  7- 9 || total
-------------------------+-------+-------+-------++-------
Melee: War axe           |    56 |       |       ||    56
       Headbutt          |     3 |    26 |    41 ||    70
       Broad axe         |    16 |   149 |   234 ||   399
Throw: Boomerang         |     8 |       |     2 ||    10
Invok: Heroism           |       |       |     3 ||     3
  Use: Scroll            |     5 |     9 |     4 ||    18
Armor: Scale mail        |    42 |       |       ||    42
       Chain mail        |       |    86 |   140 ||   226
Dodge: Dodged            |    33 |    56 |   112 ||   201
       Repelled          |       |       |     2 ||     2
Block: Buckler           |    24 |    58 |   133 ||   215

Table legend: (Time is in decaauts)
 A = Elapsed time spent in this place.
 B = Non-inter-level travel time spent in this place.
 C = Inter-level travel time spent in this place.
 D = Time resting spent in this place.
 E = Time spent auto-exploring this place.
 F = Levels seen in this place.
 G = Mean time per level.
                   A        B        C        D        E       F      G
               +--------+--------+--------+--------+--------+-----+--------+
         Total |   5615 |   5522 |     93 |    257 |   2860 |  10 |  561.5 |
       Dungeon |   4933 |   4840 |     93 |    215 |   2760 |   7 |  704.7 |
        Temple |    112 |    112 |      0 |      0 |      0 |   1 |  112.0 |
         Sewer |    321 |    321 |      0 |      0 |    100 |   1 |  321.0 |
       Ossuary |    247 |    247 |      0 |     42 |      0 |   1 |  247.0 |
               +--------+--------+--------+--------+--------+-----+--------+

Top non-repeatable levels by time:
     D:5: 1168 daAuts
     D:6: 1066 daAuts
     D:2: 835 daAuts
     D:3: 638 daAuts
     D:4: 625 daAuts
     D:1: 433 daAuts
   Sewer: 321 daAuts
 Ossuary: 247 daAuts
     D:7: 165 daAuts
  Temple: 112 daAuts
